[Event "Betsys MČR v online bleskovém šachu 2021"]
[Site "Chess.com"]
[Date "2021.04.17"]
[Round "5"]
[White "Trener-Pokrocili"]
[Black "matykov"]
[Result "1-0"]
[WhiteElo "2247"]
[BlackElo "2012"]
[TimeControl "180+1"]
[EndTime "9:45:25 PDT"]
[Termination "Uživatel Trener-Pokrocili zvítězil po vzdání soupeře"]

1. Nf3 Nf6 2. c4 g6 3. Nc3 d5 4.
cxd5 Nxd5 5. e4 Nxc3 6. dxc3 Qxd1+ 7. Kxd1 Bg7 8. Bf4 c6 9. Kc2 O-O 10. a4 Bg4 11. Nd2 Nd7 12. Bc4 e5 13. Be3 Nb6 14.
Bb3 Rad8 15. f3 Bc8 16. a5 Nd7 17. Bxa7 c5 18. Nc4 Rfe8 19. Nd6 Re7 20. Rhd1 Bf8 21. Rd3 Kg7 22. Rad1 f6 23. Nxc8 1-0

[Event "Betsys MČR v online bleskovém šachu 2021"]
[Site "Chess.com"]
[Date "2021.04.17"]
[Round "5"]
[White "kubajss"]
[Black "adiklan"]
[Result "0-1"]
[WhiteElo "873"]
[BlackElo "1909"]
[TimeControl "180+1"]
[EndTime "9:45:25 PDT"]
[Termination "Uživatel adiklan zvítězil po vzdání soupeře"]

1. e4 c5 2. Nf3 e6 3. Nc3 a6 4. Bc4 b5 5. Be2 Nc6 6. d4 cxd4 7. Nxd4 Qc7 8. Be3 Nf6 9. O-O Bb7 10. g3 Be7 11.
Bf4 e5 12. Nxc6 dxc6 13. Bg5 Rd8 14. Bd3 O-O 15. Qf3 h6 16. Be3 b4 17. Na4 Qa5 18.
b3 c5 19. Rad1 Bc6 20. Nb2 Qxa2 21. Rb1 Bb5 22. Bxb5 axb5 23. Qe2 Rb8 24. Rfd1 Nxe4 0-1

[Event "Betsys MČR v online bleskovém šachu 2021"]
[Site "Chess.com"]
[Date "2021.04.17"]
[Round "5"]
[White "svTomas"]
[Black "Devasales"]
[Result "0-1"]
[WhiteElo "1424"]
[BlackElo "1869"]
[TimeControl "180+1"]
[EndTime "9:45:28 PDT"]
[Termination "Uživatel Devasales zvítězil po vzdání soupeře"]

1. e4 c5 2. Nf3 d6 3. d4 cxd4 4. Nxd4 Nf6 5. Nc3 g6 6. Bc4 Bg7 7. Bb3 O-O 8. h3 Nbd7 9. f4 e5 10. Nf3 Qb6 11. Qe2 Nh5 12. Be3 Qd8 13. Nd5 Ng3 14.
Qf2 Nxh1 15. Qg1 exf4 16. Bxf4 Bxb2 17. Rb1 Bg7 18. Qxh1 Nf6 19. Bg5 Re8 20. Kf2 Nxe4+ 21. Kg1 Nxg5 22. Nxg5 Qxg5 23. Rf1 Be6 24. Nc7 Qc5+ 0-1

[Event "Betsys MČR v online bleskovém šachu 2021"]
[Site "Chess.com"]
[Date "2021.04.17"]
[Round "5"]
[White "Zavurka1975"]
[Black "TCTCGTGCTATG"]
[Result "1-0"]
[WhiteElo "2215"]
[BlackElo "1922"]
[TimeControl "180+1"]
[EndTime "9:45:31 PDT"]
[Termination "Uživatel Zavurka1975 zvítězil po vzdání soupeře"]

1. d4 Nf6 2. Nf3 g6 3. Bf4 Bg7 4. e3 O-O 5. h3 c5 6. c3 cxd4 7. exd4 d6 8. Be2 Nc6 9. O-O Qa5 10. Nbd2 a6 11. Nc4 Qc7 12. a4 Bd7 13. Re1 b5 14. axb5 axb5 15. Na3 b4 16. Nb5 Qb7 17. c4 d5 18. c5 Na5 19. Nc7 Ra7 20. Bf1 e6 21. Qe2 Nc4 22. b3 Rxa1 23. Rxa1 Na3 24. Qa6 Qxa6 25.
Nxa6 Nc2 26. Rc1 Na3 27. Nxb4 Rb8 28. Bxb8 1-0

[Event "Betsys MČR v online bleskovém šachu 2021"]
[Site "Chess.com"]
[Date "2021.04.17"]
[Round "5"]
[White "SajdlJosef"]
[Black "MatejKopecky13"]
[Result "1-0"]
[WhiteElo "1867"]
[BlackElo "1510"]
[TimeControl "180+1"]
[EndTime "9:45:32 PDT"]
[Termination "Uživatel SajdlJosef zvítězil matem"]

1. d4 Nf6 2. Nf3 d6 3. Bf4 g6 4.
e3 Bg7 5. Nbd2 Nbd7 6. Bc4 O-O 7. O-O Re8 8. Bxf7+ Kf8 9. Bxe8 Qxe8 10. Nc4 Nb6 11.
Nxb6 axb6 12. c4 Bf5 13. Nh4 Bg4 14. Qb3 h6 15. h3 Be6 16. d5 Bxd5 17. cxd5 g5 18.
Nf5 gxf4 19. Nxg7 Kxg7 20. exf4 Nh5 21. g3 Qg6 22. Kh2 Kh7 23. Qc3 Rg8 24. Rg1 Qe4 25.
Rae1 Qxd5 26. Rxe7+ Rg7 27. Qxc7 Rxe7 28. Qxe7+ Ng7 29.
Re1 Qc5 30. Qe4+ Kh8 31. Qe3 Qc2 32. Rc1 Qxb2 33. Rc8+ Ne8 34. Rxe8+ Kg7 35. Qe7+ Kg6 36. Rg8+ Kf5 37. Rf8+ Kg6 38. f5+ Kh5 39. g4# 1-0

[Event "Betsys MČR v online bleskovém šachu 2021"]
[Site "Chess.com"]
[Date "2021.04.17"]
[Round "5"]
[White "David_Mic"]
[Black "l_pavlasek"]
[Result "1/2-1/2"]
[WhiteElo "1981"]
[BlackElo "1686"]
[TimeControl "180+1"]
[EndTime "9:45:33 PDT"]
[Termination "Remíza opakováním pozice"]

1. e4 c5 2. Nf3 Nc6 3. Bb5 d6 4. c3 Bd7 5. O-O g6 6. d4 cxd4 7. cxd4 Bg7 8. Nc3 a6 9. Bc4 e6 10. d5 Na5 11. Bd3 b5 12. dxe6 Bxe6 13. Bf4 Ne7 14.
Rc1 O-O 15. Qd2 Nc4 16. Bxc4 Bxc4 17. Rfd1 Nc8 18. Bxd6 Nxd6 19. Qxd6 Qxd6 20. Rxd6 Bxc3 21. Rxc3 Bxa2 22. Ra3 Be6 23. Raxa6 Rac8 24. Rac6 Ra8 25. Ra6 Rac8 26. Rac6 Ra8 27. Ra6 1/2-1/2

[Event "Betsys MČR v online bleskovém šachu 2021"]
[Site "Chess.com"]
[Date "2021.04.17"]
[Round "5"]
[White "handlovskyjachym"]
[Black "zdenav"]
[Result "0-1"]
[WhiteElo "1361"]
[BlackElo "1818"]
[TimeControl "180+1"]
[EndTime "9:45:33 PDT"]
[Termination "Uživatel zdenav zvítězil na čas"]

1. e4 e5 2. Nf3 Nf6 3. Bc4 Nxe4 4. Qe2 d5 5. Bd3 Nc5 6. Qxe5+ Qe7 7. Qxe7+ Bxe7 8.
Bb5+ c6 9. Bd3 Nxd3+ 10. cxd3 Bf5 11. d4 Nd7 12. O-O O-O 13. Nc3 Bf6 14. b3 Bg4 15.
Re1 Bxf3 16. gxf3 Bxd4 17. Bb2 Bf6 18. Re2 Rfe8 19. Rae1 Rxe2 20. Rxe2 Nc5 21. Ba3 Ne6 22. Na4 Nd4 23. Re1 Nxf3+ 24. Kf1 Nxe1 25. Kxe1 b6 26. Nc3 Re8+ 27. Kd1 Bd4 28. Ne2 Bxf2 0-1

[Event "Betsys MČR v online bleskovém šachu 2021"]
[Site "Chess.com"]
[Date "2021.04.17"]
[Round "5"]
[White "Dvacetsekund"]
[Black "Pekibeast"]
[Result "1/2-1/2"]
[WhiteElo "2190"]
[BlackElo "1879"]
[TimeControl "180+1"]
[EndTime "9:45:36 PDT"]
[Termination "Remíza dohodou"]

1. e4 e6 2. d4 d5 3. Nc3 dxe4 4.
Nxe4 Nf6 5. Bg5 Be7 6. Bxf6 Bxf6 7. Nf3 Nd7 8. Bd3 h6 9. c3 b6 10. Qe2 Bb7 11. O-O-O O-O 12. Bc2 Rc8 13. Kb1 Qe7 14.
Rhg1 Bxe4 15. Qxe4 g6 16. g4 c5 17. h4 e5 18. h5 exd4 19. Qxe7 Bxe7 20. cxd4 cxd4 21.
hxg6 fxg6 22. Nxd4 Rxf2 23. Bxg6 Ne5 24. Bf5 Rd8 25.
b3 Bc5 26. Nc2 Rf8 27. Rgf1 Rxf1 28. Rxf1 Kg7 29. Re1 Kf6 1/2-1/2

[Event "Betsys MČR v online bleskovém šachu 2021"]
[Site "Chess.com"]
[Date "2021.04.17"]
[Round "5"]
[White "svobodan"]
[Black "VOJTASEK2009"]
[Result "1-0"]
[WhiteElo "1656"]
[BlackElo "1280"]
[TimeControl "180+1"]
[EndTime "9:45:37 PDT"]
[Termination "Uživatel svobodan zvítězil matem"]

1. e4 e5 2. Nf3 Nc6 3. Nc3 Bb4 4. d4 exd4 5. Nxd4 d6 6. Be3 Nf6 7. Nxc6 bxc6 8. Bd3 d5 9. exd5 Nxd5 10. O-O O-O 11.
Nxd5 Qxd5 12. a3 Bd6 13. Qe2 Qe5 14. f4 Qf6 15. Qh5 h6 16. c3 Rd8 17. Bd4 Qe7 18. Rae1 Be6 19. f5 Rf8 20. fxe6 fxe6 21. Qg6 Rxf1+ 22.
Rxf1 Qg5 23. Qh7# 1-0

[Event "Betsys MČR v online bleskovém šachu 2021"]
[Site "Chess.com"]
[Date "2021.04.17"]
[Round "5"]
[White "Patriktesko"]
[Black "patrikvagner"]
[Result "1/2-1/2"]
[WhiteElo "2077"]
[BlackElo "1785"]
[TimeControl "180+1"]
[EndTime "9:45:43 PDT"]
[Termination "Remíza opakováním pozice"]

1. d4 d5 2. Nf3 Nf6 3. Bg5 e6 4. e3 Be7 5. c3 c5 6. Nbd2 Nc6 7. Bd3 Bd7 8. O-O c4 9. Be2 h6 10. Bf4 O-O 11. b4 b5 12. a4 a6 13. axb5 axb5 14. Ne5 Nxe5 15. Bxe5 Qb6 16. Bxf6 Bxf6 17. Qc2 Qb7 18. Qb2 Rxa1 19. Rxa1 Ra8 20. Bf3 Ra6 21. e4 Bc6 22. exd5 exd5 23. g3 Qa8 24. Rxa6 Qxa6 25.
Bg4 Qa4 26. Nf1 Kf8 27. Ne3 Qa8 28. Bf3 Bg5 29. Qd2 Bxe3 30. Qxe3 Qe8 31. Kg2 Qxe3 32. fxe3 Ke7 33. h4 Kd6 34. Bg4 Bd7 35. Bxd7 Kxd7 36.
Kf3 Ke6 37. e4 f5 38. e5 g5 39. hxg5 hxg5 40. Ke2 Ke7 41. Kf2 Ke6 42. Kg2 Ke7 43. Kh3 Ke6 44. g4 f4 45. Kg2 Ke7 46. Kf3 Ke6 47.
Ke2 Ke7 48. Kf3 Ke6 49. Ke2 Ke7 50. Kf2 Ke6 51. Kf3 Ke7 52. Kg2 Ke6 53. Kh1 Ke7 54. Kg1 Ke6 55. Kf1 Ke7 56. Ke1 Ke6 57. Kd1 Ke7 58.
Kd2 Ke6 59. Ke1 Ke7 60. Kf2 Ke6 61. Kg2 Ke7 62. Kf3 1/2-1/2

[Event "Betsys MČR v online bleskovém šachu 2021"]
[Site "Chess.com"]
[Date "2021.04.17"]
[Round "5"]
[White "Ondre2836"]
[Black "jonvon640"]
[Result "0-1"]
[WhiteElo "1287"]
[BlackElo "1660"]
[TimeControl "180+1"]
[EndTime "9:45:43 PDT"]
[Termination "Uživatel jonvon640 zvítězil matem"]

1. e4 c5 2. Nf3 Nc6 3. d4 cxd4 4. Nxd4 e6 5. c4 Nf6 6. Nc3 Bb4 7. Be3 Nxe4 8. Qc2 Qa5 9. Bd2 Nxc3 10. Bxc3 Nxd4 11. Qd3 Bxc3+ 12. bxc3 Qe5+ 13. Kd1 Nc6 14. Be2 d5 15. cxd5 Qxd5 16. Qxd5 exd5 17. Kc2 Bf5+ 18.
Kb3 Be6 19. Rad1 d4+ 20. Kb2 dxc3+ 21. Kxc3 O-O 22. a4 Rfd8 23. Bb5 Rac8 24. Rhe1 a6 25. Bd3 Ne5+ 26. Kb2 Rxd3 27. Rxd3 Nxd3+ 28. Ka1 Nxe1 29. Kb1 Rc2 30. Ka1 Ba2 31. a5 Nd3 32. f4 Nc5 33. g3 Nb3# 0-1

[Event "Betsys MČR v online bleskovém šachu 2021"]
[Site "Chess.com"]
[Date "2021.04.17"]
[Round "5"]
[White "ZdenekRomanek"]
[Black "vadoto"]
[Result "0-1"]
[WhiteElo "1589"]
[BlackElo "1365"]
[TimeControl "180+1"]
[EndTime "9:45:51 PDT"]
[Termination "Uživatel vadoto zvítězil po vzdání soupeře"]

1. d4 d5 2. c4 e6 3. Nc3 Nf6 4. Nf3 Nbd7 5. e3 Be7 6. Bd3 O-O 7. O-O b6 8. cxd5 exd5 9. a3 Bb7 10. b4 c5 11. bxc5 bxc5 12. Rb1 Rb8 13. Bc2 c4 14. Re1 Nb6 15. e4 dxe4 16. Nxe4 Nxe4 17. Bxe4 Bxe4 18. Rxe4 Bf6 19. Rg4 Re8 20. h3 Qd5 21. a4 Qa5 22.
Rb5 Qxa4 23. Qxa4 Nxa4 24. Ra5 Nc3 25. Bf4 Ne2+ 26. Kh2 Nxf4 27. Rxf4 c3 28. Rxa7 c2 29. Rc7 Rec8 30. Rxc8+ Rxc8 0-1

[Event "Betsys MČR v online bleskovém šachu 2021"]
[Site "Chess.com"]
[Date "2021.04.17"]
[Round "5"]
[White "Countryside_58"]
[Black "Dasty78"]
[Result "1-0"]
[WhiteElo "2431"]
[BlackElo "2016"]
[TimeControl "180+1"]
[EndTime "9:45:54 PDT"]
[Termination "Uživatel Countryside_58 zvítězil na čas"]

1. h4 e5 2. h5 h6 3. c3 d5 4. d4 exd4 5. cxd4 c5 6. Nf3 Nc6 7.
Nc3 Bg4 8. e3 Nf6 9. Qb3 Bxf3 10. gxf3 cxd4 11. Qxb7 Qc8 12. Ba6 dxc3 13. Qxc8+ Rxc8 14. Bxc8 Bb4 15. Ke2 O-O 16. Bf5 d4 17. a3 Ba5 18.
bxc3 dxc3 19. Rb1 Re8 20. Kf1 Rd8 21. Kg2 Ne5 22. Rb5 Bc7 23. Rc5 Bb8 24. Rxc3 a6 25. f4 Ned7 26. Rd3 Kf8 27. Rhd1 Ke7 28. a4 Bc7 29.
Ba3+ 1-0

[Event "Betsys MČR v online bleskovém šachu 2021"]
[Site "Chess.com"]
[Date "2021.04.17"]
[Round "5"]
[White "Molefancier"]
[Black "Anyna"]
[Result "1-0"]
[WhiteElo "1066"]
[BlackElo "750"]
[TimeControl "180+1"]
[EndTime "9:45:54 PDT"]
[Termination "Uživatel Molefancier zvítězil po vzdání soupeře"]

1. e4 d5 2. exd5 Qxd5 3. Nc3 Qa5 4. d4 Nf6 5. Bd2 Nc6 6. Nf3 Bg4 7. Be2 O-O-O 8.
O-O e6 9. Ne4 Qb6 10. Nc5 Bxf3 11. Bxf3 Nxd4 12. Nd3 Nxf3+ 13. Qxf3 Bc5 14. Nxc5 Qxc5 15.
Be3 Qxc2 16. Rab1 Kb8 17. Rfc1 Qd3 18. Qg3 Nd5 19. Rd1 Nxe3 20. Rxd3 Rxd3 21. fxe3 Rhd8 22. Kf2 Rd1 23. Rxd1 1-0

[Event "Betsys MČR v online bleskovém šachu 2021"]
[Site "Chess.com"]
[Date "2021.04.17"]
[Round "5"]
[White "Tobish"]
[Black "matej-c"]
[Result "1-0"]
[WhiteElo "1693"]
[BlackElo "1959"]
[TimeControl "180+1"]
[EndTime "9:45:58 PDT"]
[Termination "Uživatel Tobish zvítězil po vzdání soupeře"]

1. e4 e5 2. Nf3 Nf6 3. Nxe5 d6 4. Nxf7 Kxf7 5. d4 c5 6. Bc4+ Be6 7. Bxe6+ Kxe6 8.
O-O Nc6 9. d5+ Kf7 10. dxc6 bxc6 11. Nc3 Be7 12. Re1 Rf8 13. e5 dxe5 14. Qe2 Bd6 15. Qc4+ Ke7 16. Bf4 Nd7 17. Rad1 Rxf4 18. Qxf4 Qf8 19.
Qg5+ Qf6 20. Qg4 Bc7 21. Rxd7+ Kf8 22. Rxc7 Rd8 23. Ne4 Qh6 24. Qf5+ Kg8 25. Qf7+ Kh8 26. Nd6 Qg5 27. f4 Qh6 28. Rxe5 Rg8 29. Qxg8+ 1-0

[Event "Betsys MČR v online bleskovém šachu 2021"]
[Site "Chess.com"]
[Date "2021.04.17"]
[Round "5"]
[White "Loveforever_Pepi"]
[Black "zarathutra"]
[Result "1-0"]
[WhiteElo "2284"]
[BlackElo "1824"]
[TimeControl "180+1"]
[EndTime "9:46:00 PDT"]
[Termination "Uživatel Loveforever_Pepi zvítězil na čas"]

1. e4 e5 2. Nf3 Nc6 3. Bb5 a6 4. Ba4 Nf6 5. d4 Nxe4 6. Qe2 d5 7. Nxe5 b5 8. Nxc6 Qf6 9. Bb3 Qxc6 10. f3 Bf5 11.
fxe4 Bxe4 12. Nd2 O-O-O 13. Nxe4 dxe4 14. Be3 f5 15. O-O-O a5 16. a3 b4 17. a4 g6 18. g3 Bg7 19. Qc4 Qb6 20. Kb1 Rd6 21. Rd2 Rhd8 22. Rhd1 Qb7 23. Bf4 R6d7 24. d5 Qa7 25. d6 c5 26. Rd5 1-0

[Event "Betsys MČR v online bleskovém šachu 2021"]
[Site "Chess.com"]
[Date "2021.04.17"]
[Round "5"]
[White "DavidekIII"]
[Black "MametevArtem097"]
[Result "0-1"]
[WhiteElo "2200"]
[BlackElo "2000"]
[TimeControl "180+1"]
[EndTime "9:46:01 PDT"]
[Termination "Uživatel MametevArtem097 zvítězil na čas"]

1. d4 Nf6 2. c4 e6 3. Nc3 Bb4 4.
e3 O-O 5. Bd3 c5 6. Ne2 d5 7.
cxd5 exd5 8. O-O cxd4 9. exd4 Nc6 10. Bg5 h6 11. Bh4 Be7 12. Rc1 Be6 13. Bb1 Ne4 14. Bxe7 Nxc3 15. Nxc3 Qxe7 16. Qd2 Qf6 17. Rfd1 Rad8 18.
a3 Bg4 19. f3 Be6 20. Qd3 g6 21. Ne2 Bf5 22. Qd2 Bxb1 23. Rxb1 Rfe8 24. Re1 Re7 25. Rbd1 Rde8 26. Kf1 Qh4 27. Kg1 Nxd4 0-1

[Event "Betsys MČR v online bleskovém šachu 2021"]
[Site "Chess.com"]
[Date "2021.04.17"]
[Round "5"]
[White "ReceptiveYoyo"]
[Black "psvoboda72"]
[Result "1-0"]
[WhiteElo "1339"]
[BlackElo "1715"]
[TimeControl "180+1"]
[EndTime "9:46:01 PDT"]
[Termination "Uživatel ReceptiveYoyo zvítězil matem"]

1. d4 Nf6 2. c4 g6 3. e3 Bg7 4. Nf3 d6 5. Bd3 O-O 6. O-O Nbd7 7. Nc3 c6 8. e4 Qc7 9. Bg5 h6 10. Be3 Ng4 11. Qd2 e5 12. d5 Nxe3 13. Qxe3 Nc5 14. b4 Nxd3 15. Qxd3 f5 16. Rfe1 fxe4 17. Nxe4 Bf5 18.
Nh4 Bxe4 19. Rxe4 Qf7 20. Qf3 Qd7 21. Qd3 Rf6 22. dxc6 bxc6 23. b5 cxb5 24. cxb5 Raf8 25. Nf3 Rf4 26. Rae1 d5 27. Rxf4 exf4 28. Qxg6 Qxb5 29.
Re7 Rf7 30. Qxf7+ Kh8 31. Qxg7# 1-0

[Event "Betsys MČR v online bleskovém šachu 2021"]
[Site "Chess.com"]
[Date "2021.04.17"]
[Round "5"]
[White "fortale"]
[Black "tudlenudle"]
[Result "1/2-1/2"]
[WhiteElo "2337"]
[BlackElo "1936"]
[TimeControl "180+1"]
[EndTime "9:46:02 PDT"]
[Termination "Remíza dohodou"]

1. e4 e5 2. Nf3 Nc6 3. c3 d5 4.
Qa4 Nf6 5. exd5 Qxd5 6. Bb5 Bd7 7. O-O a6 8. Bc4 Qd6 9. Qd1 Be7 10. d4 exd4 11.
Nxd4 O-O 12. Be2 Nxd4 13. Qxd4 Qxd4 14. cxd4 Bc6 15. Nc3 Rad8 16. Be3 Rfe8 17. Rfd1 Nd5 18. Nxd5 Bxd5 19. Rac1 c6 20. b3 Bf6 21. Bc4 h6 22.
Kf1 Bg5 23. Bxg5 hxg5 24. Bxd5 Rxd5 25. Rc5 Red8 26. Rxd5 Rxd5 27. Ke2 f5 28. Ke3 Kf7 29. Rc1 Ke6 30. Rc4 Ra5 31. a4 Rd5 32. g3 Kd6 1/2-1/2

[Event "Betsys MČR v online bleskovém šachu 2021"]
[Site "Chess.com"]
[Date "2021.04.17"]
[Round "5"]
[White "Jacques_se_mas"]
[Black "Zelezny1984"]
[Result "1-0"]
[WhiteElo "1750"]
[BlackElo "2048"]
[TimeControl "180+1"]
[EndTime "9:46:06 PDT"]
[Termination "Uživatel Jacques_se_mas zvítězil matem"]

1. d4 e6 2. e4 d5 3. Nd2 dxe4 4. Nxe4 Bd7 5. c3 Bc6 6. Bd3 Nd7 7. Nf3 Ngf6 8. Bg5 Be7 9. Nxf6+ Nxf6 10. Qc2 h6 11.
Bxf6 Bxf6 12. O-O-O a5 13. Rhg1 O-O 14. Ne5 Be8 15.
g4 b5 16. f4 b4 17. g5 hxg5 18. fxg5 Bxg5+ 19. Kb1 bxc3 20. Qg2 Bh6 21. Qh3 Kh8 22. Rxg7 Kxg7 23. Rg1+ Bg5 24. Qh7+ Kf6 25. Rxg5 Kxg5 26. Qg7+ Kf4 27. Qg4+ Ke3 28. Qe4+ Kf2 29. Qe2+ Kg1 30.
Nf3+ Kh1 31. Qf1# 1-0

[Event "Betsys MČR v online bleskovém šachu 2021"]
[Site "Chess.com"]
[Date "2021.04.17"]
[Round "5"]
[White "DenisaD2008"]
[Black "Skalicky"]
[Result "0-1"]
[WhiteElo "963"]
[BlackElo "969"]
[TimeControl "180+1"]
[EndTime "9:46:07 PDT"]
[Termination "Uživatel Skalicky zvítězil matem"]

1. e4 c5 2. Nf3 e6 3. Bc4 d5 4. exd5 exd5 5. Bb5+ Bd7 6. Bxd7+ Nxd7 7. d4 cxd4 8. Nxd4 Ngf6 9. Bg5 Be7 10. Qe2 O-O 11. Nc3 Re8 12. O-O-O Bb4 13. Qd3 Bxc3 14. Qxc3 Rc8 15.
Qd3 Nb6 16. h4 h6 17. Bf4 Nc4 18. Qg3 Qb6 19. b3 Ne5 20. Bxh6 Ng6 21. Be3 Ne4 22. Qg4 Nf6 23. Qg5 Ne4 24. Qg4 Qb4 25. h5 Qa3+ 26. Kb1 Nc3+ 27. Ka1 Qxa2# 0-1

[Event "Betsys MČR v online bleskovém šachu 2021"]
[Site "Chess.com"]
[Date "2021.04.17"]
[Round "5"]
[White "krajic001"]
[Black "pkozubik"]
[Result "0-1"]
[WhiteElo "1237"]
[BlackElo "1153"]
[TimeControl "180+1"]
[EndTime "9:46:10 PDT"]
[Termination "Uživatel pkozubik zvítězil na čas"]

1. e4 c6 2. d4 d5 3. exd5 cxd5 4. c3 Nf6 5. Bf4 Nc6 6. Nf3 Bg4 7. h3 Bh5 8. Be2 e6 9. Ne5 Bxe2 10. Qxe2 Nxe5 11.
Bxe5 Bd6 12. Nd2 O-O 13. Nf3 Ne4 14. Bxd6 Qxd6 15. Ne5 f6 16. Ng4 e5 17. c4 Rae8 18. c5 Qc7 19. O-O exd4 20. Qf3 Qxc5 21. Rac1 Qd6 22. Rfd1 Ng5 23. Qb3 Re4 24. Qxb7 Rfe8 0-1

[Event "Betsys MČR v online bleskovém šachu 2021"]
[Site "Chess.com"]
[Date "2021.04.17"]
[Round "5"]
[White "Akdub"]
[Black "KdybyNecoTakNic"]
[Result "0-1"]
[WhiteElo "2092"]
[BlackElo "2325"]
[TimeControl "180+1"]
[EndTime "9:46:11 PDT"]
[Termination "Uživatel KdybyNecoTakNic zvítězil po vzdání soupeře"]

1. e4 e6 2. d4 d5 3. Nd2 c5 4. exd5 Qxd5 5. Ndf3 cxd4 6. Qxd4 Nf6 7. Bc4 Qxd4 8.
Nxd4 Bd7 9. Ngf3 a6 10. O-O Nc6 11. Bg5 Bc5 12. Rad1 Rc8 13. Bb3 h6 14. Bh4 g5 15. Bg3 Ne4 16. c3 Nxg3 17. hxg3 Nxd4 18. Nxd4 Be7 19. Rfe1 Rc5 20. Rd2 b5 21. Red1 O-O 22. Bc2 Bc8 23. Nb3 Rc7 24. Be4 Bf6 25. Rd8 Rxd8 0-1

[Event "Betsys MČR v online bleskovém šachu 2021"]
[Site "Chess.com"]
[Date "2021.04.17"]
[Round "5"]
[White "TarantAnk"]
[Black "MrNikdo"]
[Result "0-1"]
[WhiteElo "1729"]
[BlackElo "2038"]
[TimeControl "180+1"]
[EndTime "9:46:12 PDT"]
[Termination "Uživatel MrNikdo zvítězil po vzdání soupeře"]

1. e4 c5 2. Nf3 Nc6 3. Nc3 Nf6 4. d4 cxd4 5. Nxd4 e5 6. Ndb5 d6 7. Nd5 Nxd5 8. exd5 Ne7 9. Bc4 Ng6 10. O-O Be7 11. f4 a6 12. Nc3 b5 13. Bb3 Qb6+ 14. Kh1 exf4 15. Bxf4 Nxf4 16. Rxf4 O-O 17. Ne4 f5 18.
Ng3 Bg5 19. Rf1 Qe3 20. Qe2 Qxe2 21. Nxe2 Bf6 22. c3 Be5 23. Rae1 f4 24. h3 f3 25. gxf3 Bxh3 26. Rg1 Rxf3 27. Bc2 Rf2 28. Rxg7+ Kxg7 29. Kg1 Raf8 0-1

[Event "Betsys MČR v online bleskovém šachu 2021"]
[Site "Chess.com"]
[Date "2021.04.17"]
[Round "5"]
[White "HonzaVykouk"]
[Black "TerezaRodshtein"]
[Result "1-0"]
[WhiteElo "2687"]
[BlackElo "2185"]
[TimeControl "180+1"]
[EndTime "9:46:13 PDT"]
[Termination "Uživatel HonzaVykouk zvítězil po vzdání soupeře"]

1. e4 e5 2. Nf3 Nc6 3. Bc4 Nf6 4. Ng5 d5 5. exd5 b5 6. Bf1 Nd4 7. c3 Nxd5 8. cxd4 Qxg5 9. Bxb5+ Kd8 10. Qf3 Bb7 11.
O-O f5 12. d3 Qg6 13. Nc3 e4 14. dxe4 Nxc3 15. Qxc3 Bd6 16. g3 f4 17. e5 fxg3 18.
hxg3 Be7 19. d5 Bxd5 20. Rd1 Qe6 21. Bc6 1-0

[Event "Betsys MČR v online bleskovém šachu 2021"]
[Site "Chess.com"]
[Date "2021.04.17"]
[Round "5"]
[White "Honzik1950"]
[Black "CZMaster666"]
[Result "0-1"]
[WhiteElo "1510"]
[BlackElo "1862"]
[TimeControl "180+1"]
[EndTime "9:46:15 PDT"]
[Termination "Uživatel CZMaster666 zvítězil po vzdání soupeře"]

1. e4 e5 2. Nf3 Nc6 3. Bb5 a6 4. Ba4 Nf6 5. O-O Be7 6. Re1 b5 7. Bb3 O-O 8. c3 d6 9. d3 Na5 10. Bc2 c5 11. Nbd2 Nc6 12. Nf1 Qc7 13. Ng3 Ne8 14. Be3 Nd8 15. Nf5 g6 16. Ng3 Ng7 17. h3 f6 18. Bh6 Nf7 19. Be3 f5 20. exf5 Nxf5 21. Nxf5 Bxf5 22. d4 cxd4 23. Bxf5 dxe3 24. Be6 exf2+ 25. Kxf2 Kg7 26. Qd5 Ng5 27. Kg1 Nxf3+ 28.
gxf3 Bh4 29. Re2 Rae8 30. Kg2 Rf4 31. Rd1 Qe7 32. Bg4 h5 33. Qxd6 hxg4 34. Qxe7+ Rxe7 35. hxg4 e4 36. fxe4 Rxg4+ 37. Kh3 Rgxe4 38. Rxe4 Rxe4 39. Rd7+ Be7 0-1

[Event "Betsys MČR v online bleskovém šachu 2021"]
[Site "Chess.com"]
[Date "2021.04.17"]
[Round "5"]
[White "Jindrich4321"]
[Black "tucnak64"]
[Result "0-1"]
[WhiteElo "1932"]
[BlackElo "2109"]
[TimeControl "180+1"]
[EndTime "9:46:17 PDT"]
[Termination "Uživatel tucnak64 zvítězil po vzdání soupeře"]

1. d4 d5 2. Nf3 Nf6 3. Bf4 Bf5 4. e3 e6 5. Bd3 Bxd3 6. Qxd3 Nbd7 7. O-O Be7 8. Nbd2 O-O 9. c3 c5 10. h3 c4 11. Qc2 b5 12. a3 a5 13. e4 dxe4 14. Nxe4 Nb6 15. Ne5 Nbd5 16. Nc6 Qe8 17. Nxe7+ Qxe7 18. Bg5 h6 19. Bh4 Rfc8 20. Rfe1 b4 21. axb4 axb4 22. Rxa8 Rxa8 23. Nxf6+ Nxf6 24. Qe2 Rc8 25. Qe5 g5 26. Bg3 bxc3 27. bxc3 Rd8 28. h4 Nd5 29.
hxg5 Qxg5 30. Qxg5+ hxg5 31. Rc1 Ra8 32. f3 Ra2 33.
Be1 Nf4 34. Bf2 Ne2+ 0-1

[Event "Betsys MČR v online bleskovém šachu 2021"]
[Site "Chess.com"]
[Date "2021.04.17"]
[Round "5"]
[White "kominekmart"]
[Black "Maty122"]
[Result "1-0"]
[WhiteElo "1576"]
[BlackElo "1146"]
[TimeControl "180+1"]
[EndTime "9:46:17 PDT"]
[Termination "Uživatel kominekmart zvítězil matem"]

1. e4 e5 2. Nf3 Nc6 3. Bc4 Nge7 4. d4 exd4 5. Nxd4 Nxd4 6. Qxd4 d6 7. O-O Nc6 8. Bb5 Bd7 9. Qd1 Be7 10. Nc3 O-O 11. Nd5 Be6 12. Nxe7+ Qxe7 13. c3 Ne5 14. Be3 c6 15. Ba4 Qf6 16. Bd4 Rfd8 17. f4 b5 18.
fxe5 dxe5 19. Rxf6 exd4 20. Rxe6 bxa4 21. Re7 d3 22. Qf3 f6 23. Rd1 d2 24. e5 Rf8 25. Qg4 Rf7 26. Rxf7 Kxf7 27. Qd7+ Kg6 28. exf6 gxf6 29. Rxd2 Rf8 30. Rd3 Kg5 31. Rg3+ Kh6 32. Qh3# 1-0

[Event "Betsys MČR v online bleskovém šachu 2021"]
[Site "Chess.com"]
[Date "2021.04.17"]
[Round "5"]
[White "Michelangelo111"]
[Black "avsokol"]
[Result "0-1"]
[WhiteElo "2122"]
[BlackElo "2395"]
[TimeControl "180+1"]
[EndTime "9:46:18 PDT"]
[Termination "Uživatel avsokol zvítězil na čas"]

1. Nf3 Nf6 2. g3 g6 3. Bg2 Bg7 4. O-O O-O 5. d4 d6 6. c4 Nbd7 7. Nc3 e5 8. e4 c6 9. h3 a5 10.
Be3 exd4 11. Nxd4 Re8 12. Re1 Nc5 13. Bf4 a4 14. Nc2 Nfd7 15. Bxd6 a3 16. e5 axb2 17. Rb1 Qa5 18. Qf3 Nxe5 19. Qe3 Ncd3 20. Qxd3 Bf5 21. Qd2 Nxc4 22. Rxe8+ Rxe8 23. Qf4 Bxc2 24. Qxc4 Qxc3 0-1

[Event "Betsys MČR v online bleskovém šachu 2021"]
[Site "Chess.com"]
[Date "2021.04.17"]
[Round "5"]
[White "Hanicka1517"]
[Black "JIDEMONI"]
[Result "1/2-1/2"]
[WhiteElo "1627"]
[BlackElo "1895"]
[TimeControl "180+1"]
[EndTime "9:46:19 PDT"]
[Termination "Remíza dohodou"]

1. d4 Nf6 2. Nf3 c5 3. g3 g6 4. Bg2 Bg7 5. O-O O-O 6. c4 cxd4 7. Nxd4 Nc6 8. Nxc6 bxc6 9. Nc3 Qc7 10. Bf4 e5 11. Bg5 h6 12. Bd2 Bb7 13. Qc1 Kh7 14. c5 Rfe8 15. e4 Rad8 16. b4 d6 17. cxd6 Qxd6 18. Be3 Qxb4 19. Bxa7 Ba6 20. Re1 Ng4 21. Rb1 Qe7 22.
Be3 Nxe3 23. Qxe3 Rd3 24. Qb6 Bc4 25. Rec1 Qd6 26. Bf1 Rd4 27. Ne2 Bxe2 28. Bxe2 Rd2 29. Rd1 Rd8 30. Qb3 Rxd1+ 31. Rxd1 Qe7 32. Rxd8 Qxd8 33.
Qd3 Qa5 34. Qa6 Qxa6 35. Bxa6 Bf8 36. Bc4 f6 37. a4 Bb4 38. Kf1 Kg7 39. Ke2 Kf8 40.
Kd3 Ke7 41. Kc2 Kd6 42. Kb3 Ba5 43. f3 1/2-1/2